IL
SALT LAKE BEES @ ROUND ROCK EXPRESS
09/18/2046
 
TOP OF THE 1ST
Salt Lake Bees batting - Pitching for Round Rock Express : RHP Jeff Kidd
Pitching: RHP Jeff Kidd
Batting: RHB Melvin Gomez 0-0: Ground out 6-3 (Groundball, 6, EV 106.2 MPH)
Batting: RHB Justin Lauderdale 0-0: Ball
1-0: Called Strike
1-1: Ground out 1-3 (Groundball, 34S, EV 70.6 MPH)
Batting: RHB Andres Mendiola 0-0: Ball
1-0: Foul Ball, location: 2F
1-1: Foul Ball, location: 2F
1-2: Ball
2-2: Strikes out swinging
Top of the 1st over - 0 runs, 0 hits, 0 errors, 0 left on base; Salt Lake 0 - Round Rock 0
BOTTOM OF THE 1ST
Round Rock Express batting - Pitching for Salt Lake Bees : RHP Bartholomeu Voivodic
Pitching: RHP Bartholomeu Voivodic
Batting: RHB Casey Semenza 0-0: Called Strike
0-1: Ball
1-1: Ground out 5-3 (Groundball, 5, EV 86.9 MPH)
Batting: RHB Rodolfo Contreras 0-0: SINGLE (Line Drive, 34D, EV 98.8 MPH)
Batting: LHB Cooper Broomhall 0-0: Ball
1-0: Called Strike
1-1: Swinging Strike
1-2: SINGLE (Groundball, 4MD, EV 94.4 MPH)
Rodolfo Contreras to second
Batting: LHB Jeff Densmore 0-0: Ball
Rodolfo Contreras steals 3rd base
Cooper Broomhall to second
1-0: Ground out 6-3 (Groundball, 6, EV 86.2 MPH)
Rodolfo Contreras scores
Batting: LHB Josh Stuck 0-0: Ground out 4-3 (Groundball, 4, EV 77.5 MPH)
Bottom of the 1st over - 1 run, 2 hits, 0 errors, 1 left on base; Salt Lake 0 - Round Rock 1
TOP OF THE 2ND
Salt Lake Bees batting - Pitching for Round Rock Express : RHP Jeff Kidd
Batting: RHB Juan Martinez 0-0: Ball
1-0: Foul Ball, location: 2F
1-1: Foul Ball, location: 2F
1-2: Foul Ball, location: 2F
1-2: Fly out, F9 (Flyball, 89S, EV 96.2 MPH)
Batting: RHB Kian-tat Chen 0-0: Called Strike
0-1: Ground out 5-3 (Groundball, 56S, EV 85.6 MPH)
Batting: RHB Jonathan Ellis 0-0: Called Strike
0-1: Called Strike
0-2: Ball
1-2: Ball
2-2: Ground out 5-3 (Groundball, 56, EV 110.0 MPH)
Top of the 2nd over - 0 runs, 0 hits, 0 errors, 0 left on base; Salt Lake 0 - Round Rock 1
BOTTOM OF THE 2ND
Round Rock Express batting - Pitching for Salt Lake Bees : RHP Bartholomeu Voivodic
Batting: SHB Greg Prime 0-0: Ball
1-0: Called Strike
1-1: Ground out 1-3 (Groundball, 15S, EV 70.0 MPH)
Batting: RHB Bobby Keithley 0-0: Foul Ball, location: 2F
0-1: Ball
1-1: Called Strike
1-2: Ball
2-2: Ball
3-2: Fly out, F8 (Flyball, 78S, EV 83.8 MPH)
Batting: RHB Ivan Colon 0-0: Ball
1-0: Foul Ball, location: 2F
1-1: Ball
2-1: Swinging Strike
2-2: Ground out 4-3 (Groundball, 4, EV 81.9 MPH)
Bottom of the 2nd over - 0 runs, 0 hits, 0 errors, 0 left on base; Salt Lake 0 - Round Rock 1
TOP OF THE 3RD
Salt Lake Bees batting - Pitching for Round Rock Express : RHP Jeff Kidd
Batting: RHB Jose Pineda 0-0: Called Strike
0-1: Called Strike
0-2: Ball
1-2: Fly out, F8 (Line Drive, 8LM, EV 106.2 MPH)
Batting: RHB Tim Lively 0-0: Foul Ball, location: 2F
0-1: Fly out, F7 (Flyball, 78D, EV 98.8 MPH)
Batting: LHB Edgar van der Meeren 0-0: Swinging Strike
0-1: Ball
1-1: Ball
2-1: Swinging Strike
2-2: Strikes out swinging
Top of the 3rd over - 0 runs, 0 hits, 0 errors, 0 left on base; Salt Lake 0 - Round Rock 1
BOTTOM OF THE 3RD
Round Rock Express batting - Pitching for Salt Lake Bees : RHP Bartholomeu Voivodic
Batting: RHB Jason Sher 0-0: Called Strike
0-1: Ground out 5-3 (Groundball, 56S, EV 80.6 MPH)
Batting: RHB Casey Semenza 0-0: Called Strike
0-1: Swinging Strike
0-2: Ball
1-2: Ground out 1-3 (Groundball, 15S, EV 64.4 MPH)
Batting: RHB Rodolfo Contreras 0-0: Called Strike
0-1: Fly out, F8 (Flyball, 8LD, EV 105.0 MPH)
Bottom of the 3rd over - 0 runs, 0 hits, 0 errors, 0 left on base; Salt Lake 0 - Round Rock 1
TOP OF THE 4TH
Salt Lake Bees batting - Pitching for Round Rock Express : RHP Jeff Kidd
Batting: RHB Melvin Gomez 0-0: Ball
1-0: Foul Ball, location: 2F
1-1: Swinging Strike
1-2: Ball
2-2: Fly out, F3 (Popup, 3, EV 72.5 MPH)
Batting: RHB Justin Lauderdale 0-0: Ground out 4-3 (Groundball, 4MS, EV 85.6 MPH)
Batting: RHB Andres Mendiola 0-0: Ground out 4-3 (Groundball, 4, EV 83.1 MPH)
Top of the 4th over - 0 runs, 0 hits, 0 errors, 0 left on base; Salt Lake 0 - Round Rock 1
BOTTOM OF THE 4TH
Round Rock Express batting - Pitching for Salt Lake Bees : RHP Bartholomeu Voivodic
Batting: LHB Cooper Broomhall 0-0: Foul Ball, location: 2F
0-1: Ball
1-1: Fly out, F4 (Popup, 3D, EV 65.0 MPH)
Batting: LHB Jeff Densmore 0-0: Swinging Strike
0-1: Ground out 4-3 (Groundball, 4M, EV 92.5 MPH)
Batting: LHB Josh Stuck 0-0: Foul Ball, location: 2F
0-1: Called Strike
0-2: Foul Ball, location: 2F
0-2: Ball
1-2: Foul Ball, location: 2F
1-2: Fly out, F8 (Flyball, 8RD, EV 94.4 MPH)
Bottom of the 4th over - 0 runs, 0 hits, 0 errors, 0 left on base; Salt Lake 0 - Round Rock 1
TOP OF THE 5TH
Salt Lake Bees batting - Pitching for Round Rock Express : RHP Jeff Kidd
Batting: RHB Juan Martinez 0-0: Ball
1-0: Ground out 6-3 (Groundball, 6M, EV 106.9 MPH)
Batting: RHB Kian-tat Chen 0-0: Ground out 1-3 (Groundball, 13, EV 66.2 MPH)
Batting: RHB Jonathan Ellis 0-0: Ball
1-0: Called Strike
1-1: Swinging Strike
1-2: Ball
2-2: Ground out 5-3 (Groundball, 56, EV 105.0 MPH)
Top of the 5th over - 0 runs, 0 hits, 0 errors, 0 left on base; Salt Lake 0 - Round Rock 1
BOTTOM OF THE 5TH
Round Rock Express batting - Pitching for Salt Lake Bees : RHP Bartholomeu Voivodic
Batting: SHB Greg Prime 0-0: Called Strike
0-1: SOLO HOME RUN (Flyball, 9D, EV 98.8 MPH), Distance : 370 ft
Batting: RHB Bobby Keithley 0-0: Ground out 2-3 (Groundball, 13S, EV 70.6 MPH)
Batting: RHB Ivan Colon 0-0: Ball
1-0: Ball
2-0: Ball
3-0: Base on Balls
Batting: RHB Jason Sher 0-0: Grounds into double play, 5-4-3 (Groundball, 56S, EV 82.5 MPH)
Bottom of the 5th over - 1 run, 1 hit, 0 errors, 0 left on base; Salt Lake 0 - Round Rock 2
TOP OF THE 6TH
Salt Lake Bees batting - Pitching for Round Rock Express : RHP Jeff Kidd
Batting: RHB Jose Pineda 0-0: Called Strike
0-1: Ball
1-1: Ball
2-1: Ball
3-1: Fly out, F9 (Line Drive, 9, EV 93.1 MPH)
Batting: RHB Tim Lively 0-0: Ball
1-0: Foul Ball, location: 2F
1-1: Swinging Strike
1-2: Foul Ball, location: 2F
1-2: SINGLE (Groundball, 4M, EV 100.0 MPH) (infield hit)
Batting: LHB Edgar van der Meeren 0-0: Called Strike
0-1: Ball
1-1: Swinging Strike
1-2: Ball
2-2: Strikes out looking
Batting: RHB Melvin Gomez 0-0: Ball
1-0: Ball
2-0: Foul Ball, location: 2F
2-1: Foul Ball, location: 2F
2-2: Ball
3-2: SINGLE (Groundball, 13S, EV 71.2 MPH) (infield hit)
Tim Lively to second
Batting: RHB Justin Lauderdale 0-0: Ball
1-0: Ball
2-0: Ground out 1-3 (Groundball, 15S, EV 66.2 MPH)
Top of the 6th over - 0 runs, 2 hits, 0 errors, 2 left on base; Salt Lake 0 - Round Rock 2
BOTTOM OF THE 6TH
Round Rock Express batting - Pitching for Salt Lake Bees : RHP Bartholomeu Voivodic
Batting: RHB Casey Semenza 0-0: Ball
1-0: TRIPLE (Flyball, 8LXD, EV 105.6 MPH)
Batting: RHB Rodolfo Contreras 0-0: Ball
1-0: Ground out 6-3 (Groundball, 6, EV 107.5 MPH)
Casey Semenza scores
Batting: LHB Cooper Broomhall 0-0: Ball
1-0: Called Strike
1-1: Foul Ball, location: 2F
1-2: Foul Ball, location: 2F
1-2: Strikes out swinging
Batting: LHB Jeff Densmore 0-0: Called Strike
0-1: Ball
1-1: Reached on error, E2 (Groundball, 2L, EV 66.9 MPH)
Batting: LHB Josh Stuck 0-0: Ball
1-0: Ball
2-0: Called Strike
2-1: Swinging Strike
2-2: 2-RUN HOME RUN (Flyball, 8RXD, EV 100.0 MPH), Distance : 417 ft
Batting: SHB Greg Prime 0-0: Called Strike
0-1: SINGLE (Groundball, 34D, EV 99.4 MPH)
Pitching: LHP Dan Poirier
Batting: RHB Bobby Keithley 0-0: Ball
1-0: Ball
2-0: Foul Ball, location: 2F
2-1: Reached on error, E5 (Groundball, 56S, EV 79.4 MPH)
Greg Prime to second
Batting: RHB Ivan Colon 0-0: Ball
1-0: Swinging Strike
1-1: Ball
2-1: Swinging Strike
2-2: Foul Ball, location: 2F
2-2: Strikes out swinging
Bottom of the 6th over - 3 runs, 3 hits, 2 errors, 2 left on base; Salt Lake 0 - Round Rock 5
TOP OF THE 7TH
Salt Lake Bees batting - Pitching for Round Rock Express : RHP Jeff Kidd
Batting: RHB Andres Mendiola 0-0: Called Strike
0-1: Ball
1-1: Ball
2-1: Ground out 4-3 (Groundball, 4, EV 97.5 MPH)
Batting: RHB Juan Martinez 0-0: Foul Ball, location: 2F
0-1: Fly out, F9 (Flyball, 89M, EV 86.9 MPH)
Batting: RHB Kian-tat Chen 0-0: Foul Ball, location: 2F
0-1: Called Strike
0-2: Fly out, F7 (Flyball, 78S, EV 85.6 MPH)
Top of the 7th over - 0 runs, 0 hits, 0 errors, 0 left on base; Salt Lake 0 - Round Rock 5
BOTTOM OF THE 7TH
Round Rock Express batting - Pitching for Salt Lake Bees : LHP Dan Poirier
Batting: RHB Jason Sher 0-0: Ball
1-0: SOLO HOME RUN (Flyball, 7D, EV 100.0 MPH), Distance : 371 ft
Batting: RHB Casey Semenza 0-0: Called Strike
0-1: Ball
1-1: Ball
2-1: SOLO HOME RUN (Line Drive, 78XD, EV 115.0 MPH), Distance : 429 ft
Batting: RHB Rodolfo Contreras 0-0: Foul Ball, location: 2F
0-1: Ball
1-1: Called Strike
1-2: Ball
2-2: Foul Ball, location: 2F
2-2: Foul Ball, location: 2F
2-2: SINGLE (Line Drive, 5L, EV 95.0 MPH)
Pitching: RHP Kennie Williams
Batting: LHB Cooper Broomhall 0-0: Ball
1-0: Ball
2-0: Grounds into double play, 4-6-3 (Groundball, 4, EV 90.6 MPH)
Batting: LHB Jeff Densmore 0-0: Ball
1-0: Called Strike
1-1: Ball
2-1: SINGLE (Line Drive, 9LM, EV 105.0 MPH)
Batting: LHB Josh Stuck 0-0: Ball
1-0: Ball
2-0: Ball
3-0: Swinging Strike
3-1: Base on Balls
Jeff Densmore to second
Batting: SHB Greg Prime 0-0: Ball
1-0: Ball
2-0: Foul Ball, location: 2F
2-1: Ball
3-1: Base on Balls
Jeff Densmore to third
Josh Stuck to second
Batting: RHB Bobby Keithley 0-0: Swinging Strike
0-1: Foul Ball, location: 2F
0-2: Strikes out swinging
Bottom of the 7th over - 2 runs, 4 hits, 0 errors, 3 left on base; Salt Lake 0 - Round Rock 7
TOP OF THE 8TH
Salt Lake Bees batting - Pitching for Round Rock Express : RHP Jeff Kidd
Now in RF: Dale Aubrey
Batting: RHB Jonathan Ellis 0-0: Called Strike
0-1: Swinging Strike
0-2: Ball
1-2: Ball
2-2: Strikes out swinging
Batting: RHB Jose Pineda 0-0: Called Strike
0-1: Ball
1-1: Ground out 5-3 (Groundball, 5L, EV 78.1 MPH)
Batting: RHB Tim Lively 0-0: Called Strike
0-1: Ball
1-1: Foul Ball, location: 2F
1-2: Foul Ball, location: 2F
1-2: SINGLE (Groundball, 34S, EV 66.2 MPH) (infield hit)
Batting: LHB Edgar van der Meeren 0-0: Ball
1-0: Ball
2-0: Ball
3-0: Base on Balls
Tim Lively to second
Batting: RHB Melvin Gomez 0-0: Ball
1-0: Swinging Strike
1-1: Ball
2-1: Swinging Strike
2-2: Strikes out swinging
Top of the 8th over - 0 runs, 1 hit, 0 errors, 2 left on base; Salt Lake 0 - Round Rock 7
BOTTOM OF THE 8TH
Round Rock Express batting - Pitching for Salt Lake Bees : RHP Kennie Williams
Pitching: RHP Danny Nava
Batting: RHB Ivan Colon 0-0: Foul Ball, location: 2F
0-1: Foul Ball, location: 2F
0-2: Foul Ball, location: 2F
0-2: Ball
1-2: Foul Ball, location: 2F
1-2: Ball
2-2: Fly out, F7 (Flyball, 7LSF, EV 88.1 MPH)
Batting: RHB Jason Sher 0-0: Ball
1-0: Called Strike
1-1: Foul Ball, location: 2F
1-2: SINGLE (Line Drive, 8LS, EV 98.1 MPH)
Batting: RHB Casey Semenza 0-0: Ball
Jason Sher steals 2nd base (no throw)
1-0: Foul Ball, location: 2F
1-1: Ball
2-1: Called Strike
2-2: Fly out, F5 (Line Drive, 56, EV 70.6 MPH)
Batting: RHB Rodolfo Contreras 0-0: Called Strike
0-1: Foul Ball, location: 2F
0-2: Fly out, F8 (Line Drive, 78M, EV 92.5 MPH)
Bottom of the 8th over - 0 runs, 1 hit, 0 errors, 1 left on base; Salt Lake 0 - Round Rock 7
TOP OF THE 9TH
Salt Lake Bees batting - Pitching for Round Rock Express : RHP Jeff Kidd
Batting: RHB Justin Lauderdale 0-0: Foul Ball, location: 2F
0-1: Foul Ball, location: 2F
0-2: Ball
1-2: Reached on error, E6 (Groundball, 56, EV 110.0 MPH)
Batting: RHB Andres Mendiola 0-0: Ball
1-0: Called Strike
1-1: Swinging Strike
1-2: Strikes out swinging
Batting: RHB Juan Martinez 0-0: Fly out, F6 (Popup, 6, EV 61.9 MPH)
Pitching: RHP Victor Nunez
Batting: RHB Kian-tat Chen 0-0: Swinging Strike
0-1: TRIPLE (Flyball, 9LD, EV 115.0 MPH)
Justin Lauderdale scores
Batting: RHB Jonathan Ellis 0-0: Called Strike
0-1: Ball
1-1: Foul Ball, location: 2F
1-2: Ball
2-2: Ball
3-2: Strikes out swinging
Top of the 9th over - 1 run, 1 hit, 1 error, 1 left on base; Salt Lake 1 - Round Rock 7
Tuesday, September 13th , 2022 - OOTP Baseball 23.7 Build 88